 Dungeon Crawl Stone Soup version 0.30-a0-723-gc1506a1cf0 (webtiles) character file.

Game seed: 18330060093596775350

38 NinjaNoafa the Sneak (level 3, 0/24 HPs)
             Began as an Octopode Warper on Jan 28, 2023.
             Was a Follower of Okawaru.
             Slain by an endoplasm (1 damage)
             ... on level 2 of the Dungeon.
             The game lasted 00:04:57 (1058 turns).

NinjaNoafa the Sneak (Octopode Warper)              Turns: 1058, Time: 00:04:58

Health: 0/24       AC:  1    Str: 10    XL:     3   Next: 43%
Magic:  13/15      EV: 15    Int: 17    God:    Okawaru [*.....]
Gold:   24         SH:  0    Dex: 11    Spells: 6/6 levels left

rFire   . . .      SeeInvis .    a - +0 falchion
rCold   . . .      Faith    .    (no shield)
rNeg    . . .      Spirit   .    (helmet restricted)
rPois   .          Reflect  .    (no amulet)
rElec   .          Harm     .    g - ring of magical power
rCorr   .          Rampage  .    (no ring)
Will    .....                    (no ring)
Stlth   +++++                    (no ring)
HPRegen 0.24/turn                (no ring)
MPRegen 0.14/turn                (no ring)
                                 (no ring)
                                 (no ring)

@: heroic
A: almost no armour, amphibious, 8 rings, camouflage 1, gelatinous body 1,
(nimble swimmer 1), tentacles
a: Renounce Religion, Heroism


You were on level 2 of the Dungeon.
You worshipped Okawaru.
Okawaru was aware of your devotion.
You visited 1 branch of the dungeon, and saw 2 of its levels.

You collected 24 gold pieces.

Inventory:

Hand Weapons
 a - a +0 falchion (weapon)
 b - a +0 dagger
Missiles
 c - 7 boomerangs of dispersal (quivered)
Jewellery
 g - a ring of magical power (left tentacle)
Scrolls
 d - a scroll of identify {unknown}
 f - 2 scrolls of teleportation {unknown}
 h - a scroll of magic mapping {unknown}
 j - a scroll of blinking
 k - a scroll of amnesia {unknown}
 m - a scroll of immolation {unknown}
Potions
 e - a potion of cancellation {unknown}
 i - 2 potions of curing {unknown}
 l - a potion of might {unknown}
 n - a potion of mutation {unknown}


   Skills:
 - Level 2.0(7.0) Fighting
 - Level 2.1(7.1) Long Blades
 - Level 1.0(6.0) Throwing
 - Level 2.3(7.3) Dodging
 + Level 3.8(8.8) Stealth
 - Level 2.1 Spellcasting
 - Level 3.1 Translocations


You had 6 spell levels left.
You didn't know any spells.
Your spell library contained the following spells:

 Spells                   Type           Power      Damage    Failure   Level
 Blink                    Tloc           24%        N/A       9%          2
 Lesser Beckoning         Tloc           24%        N/A       9%          2
 Teleport Other           Tloc           12%        N/A       16%         3
 Portal Projectile        Hex/Tloc       14%        N/A       30%         3
 Vhi's Electric Charge    Tloc/Air       14%        N/A       30%         3
 Manifold Assault         Tloc           12%        N/A       47%         4
 Leda's Liquefaction      Hex/Erth       0%         N/A       88%         4
 Call Canine Familiar     Summ           Unusable   N/A       N/A         3

Dungeon Overview and Level Annotations

Branches:
Dungeon (2/15)

Altars:
Okawaru


Innate Abilities, Weirdness & Mutations

You cannot wear most types of armour.
You are amphibious.
You can wear up to eight rings at the same time.
Your skin changes colour to match your surroundings (Stealth+).
Your rubbery body absorbs attacks. (AC +1, EV +1)
((You are camouflaged when in or above water. (Stealth+)))
You have tentacles for arms and can constrict up to eight enemies at once.


Message History

You see here a giant cockroach corpse.
A rat and an endoplasm come into view.
There are monsters nearby!
An endoplasm comes into view.
Found 14 gold pieces.
The endoplasm quivers.
A giant cockroach comes into view.
The endoplasm hits you. The rat misses you. The endoplasm freezes you.
You are frozen.
The giant cockroach misses you. The rat bites you.
The endoplasm quivers.
The endoplasm misses you. The rat barely misses you.
The giant cockroach bites you but does no damage.
a - a +0 falchion (weapon)
The endoplasm hits you. The rat bites you.
You hit the endoplasm but do no damage. The giant cockroach bites you.
The endoplasm misses you. The endoplasm freezes you.
You are frozen.
The rat completely misses you. The giant cockroach closely misses you.
You barely miss the endoplasm. The endoplasm freezes you.
You are frozen.
The endoplasm freezes you.
You are frozen.
* * * LOW HITPOINT WARNING * * *
The rat closely misses you. The giant cockroach misses you.
You hit the endoplasm. You squeeze the endoplasm.
The endoplasm is almost dead.
The giant cockroach closely misses you. The endoplasm hits you.
* * * LOW HITPOINT WARNING * * *
The endoplasm freezes you.
You are frozen.
* * * LOW HITPOINT WARNING * * *
The rat bites you but does no damage.
You gain the combat prowess of a mighty hero.
The giant cockroach misses you. The endoplasm hits you.
You die...

##.##### #.#
#.# #.##
#..######
##..$...##
##......###
#..rBJ...#
#...@.##....
#....J# ..
#######


You could see 2 endoplasms, a giant cockroach and a rat.

Vanquished Creatures
  A gnoll (D:1)
  An adder (D:2)
  2 bats (D:1)
  An endoplasm (D:1)
  2 giant cockroaches
  A hobgoblin (D:1)
  A quokka (D:1)
  3 ball pythons (D:1)
  3 frilled lizards
  2 goblins (D:1)
  A kobold (D:1)
  A rat (D:2)
19 creatures vanquished.

Notes
Turn   | Place    | Note
-------+----------+-------------------------------------------
     0 | D:1      | NinjaNoafa the Octopode Warper began the quest for the Orb.
     0 | D:1      | Reached XP level 1. HP: 14/14 MP: 3/3
   249 | D:1      | Reached skill level 1 in Stealth
   249 | D:1      | Reached XP level 2. HP: 19/19 MP: 5/5
   633 | D:1      | Reached XP level 3. HP: 24/24 MP: 6/6
   832 | D:1      | Found a faded altar of an unknown god.
   903 | D:1      | Prayed at the altar of an unknown god.
   903 | D:1      | Became a worshipper of Warmaster Okawaru
   903 | D:1      | Reached * piety under Okawaru
  1057 | D:2      | HP: 1/24 [frozen (5)]
  1058 | D:2      | Slain by an endoplasm

Illustrated notes

Levels and vault maps discovered:
D:1:      lightli_arrival_windingriver, layout_basic, serial_rivers,
          chequers_serial_rivers_large_a, chequers_serial_rivers_room_b,
          chequers_serial_rivers_small_a, chequers_serial_rivers_room_b,
          chequers_serial_rivers_micro_c, hellmonk_ecumenical_altar_zigzags
D:2:      layout_basic

Skill      XL: |  1  2 |
---------------+-------+-----
Stealth        | 1 3 |  3.8
Fighting       | |  2.0
Long Blades    | |  2.1
Throwing       | |  1.0
Dodging        | |  2.3
Spellcasting   | |  2.1
Translocations | |  3.1

Action                     || total
---------------------------++-------
  Melee: Falchion          ||    26
         Tentacles         ||     6
         Constrict         ||     5
         Dagger            ||     5
 Invoke: Heroism           ||     1
   Stab: Sleeping          ||    10
 Armour: Skin              ||     5
  Dodge: Dodged            ||    24

Table legend: (Time is in decaauts)
 A = Elapsed time spent in this place.
 B = Non-inter-level travel time spent in this place.
 C = Inter-level travel time spent in this place.
 D = Time resting spent in this place.
 E = Time spent auto-exploring this place.
 F = Levels seen in this place.
 G = Mean time per level.
                   A        B        C        D        E       F      G
               +--------+--------+--------+--------+--------+-----+--------+
         Total |   1059 |    967 |     92 |      0 |    808 |   2 |  529.5 |
       Dungeon |   1059 |    967 |     92 |      0 |    808 |   2 |  529.5 |
               +--------+--------+--------+--------+--------+-----+--------+

Top non-repeatable levels by time:
     D:1: 922 daAuts
     D:2: 136 daAuts
